 Dungeon Crawl Stone Soup version 0.29.1-12-g30fa7ad0bf (webtiles) character file.

Game seed: 17387123124397023688

598 clampit the Chopper (level 7, 0/59 (61) HPs)
             Began as a Minotaur Berserker on Jan 18, 2023.
             Was a Believer of Trog.
             Slain by a wight
             ... wielding a +2 spear
              (3 damage)
             ... on level 5 of the Dungeon.
             The game lasted 00:34:01 (3142 turns).

clampit the Chopper (Minotaur Berserker)            Turns: 3142, Time: 00:34:01

HP:   0/59 (61)     AC:  6    Str: 30    XL:     7   Next: 17%
MP:   6/6           EV: 12    Int:  1    God:    Trog [**....]
Gold: 822           SH:  5    Dex:  9    Spells: 6/6 levels left

rFire   + + .      SeeInvis .   i - +0 hand axe (venom)
rCold   . . .      Faith    .   (no shield)
rNeg    + . .      Spirit   .   g - +1 leather armour {rPois}
rPois   +          Reflect  +   (helmet restricted)
rElec   .          Harm     +   q - +0 cloak
rCorr   .          Rampage  .   (no gloves)
Will    .....                   h - +0 pair of boots
Stlth   +.........              c - amulet of Poduevess {Reflect Harm rF+ rN+ Int-3 SH+5}
HPRegen 0.19/turn               f - ring of protection from fire
MPRegen 0.10/turn               m - +6 ring of strength

@: on berserk cooldown, slowed, lightly drained, very slow
A: horns 2, retaliatory headbutt
a: Renounce Religion, Berserk, Trog's Hand


You were on level 5 of the Dungeon.
You worshipped Trog.
Trog was pleased with you.
You visited 2 branches of the dungeon, and saw 6 of its levels.

You collected 1185 gold pieces.
You spent 363 gold pieces at shops.

Inventory:

Hand Weapons
 d - a +2 long sword of holy wrath
 i - a +0 hand axe of venom (weapon)
 j - a +2 mace of draining
 r - a +2 dagger of holy wrath
Missiles
 l - a throwing net (quivered)
Armour
 g - a +1 leather armour of poison resistance (worn)
 h - a +0 pair of boots (worn)
 k - the +0 ring mail "Qifoj" {Regen+ Str-2 Dex+6 SInv}
   (You found it on level 3 of the Dungeon)

   Str:       It affects your strength (-2).
   Dex:       It affects your dexterity (+6).
   SInv:      It lets you see invisible.
   Regen:     It increases your rate of health regeneration.
 q - a +0 cloak (worn)
Jewellery
 c - the amulet of Poduevess (around neck) {Reflect Harm rF+ rN+ Int-3 SH+5}
   (You acquired it on level 2 of the Dungeon)

   [amulet of reflection]

   It reflects blocked missile attacks.
   Int:       It affects your intelligence (-3).
   rF:        It protects you from fire.
   rN:        It protects you from negative energy.
   SH:        It affects your SH (+5).
   Harm:      It increases damage dealt and taken.
 f - a ring of protection from fire (left hand)
 m - a +6 ring of strength (right hand)
Wands
 s - a wand of polymorph (4)
Scrolls
 b - 2 scrolls of identify
 e - a scroll of blinking
 n - a scroll of enchant weapon {unknown}
 o - 3 scrolls of torment {unknown}
 u - a scroll of fear {unknown}
Potions
 a - a potion of flight
 p - a potion of curing {unknown}
 t - a potion of attraction {unknown}


   Skills:
 + Level 5.6 Fighting
 + Level 6.6 Axes
 + Level 0.3 Throwing
 + Level 3.6 Armour
 + Level 4.2 Dodging
 + Level 1.3 Stealth
 + Level 2.1 Shields


You had 6 spell levels left.
You didn't know any spells.
Your spell library contained the following spells:

 Spells                   Type           Power      Damage    Failure   Level
 Dispersal                Tloc           0%         N/A       100%        6
 Disjunction              Tloc           0%         N/A       100%        8


Dungeon Overview and Level Annotations

Branches:
Dungeon (5/15)             Temple (1/1) D:4

Altars:
Ashenzari
Cheibriados
Dithmenos
Elyvilon
Fedhas
Gozag
Kikubaaqudgha
Makhleb
Okawaru
Qazlal
Ru
Sif Muna
Trog
Uskayaw
Vehumet
Wu Jian

Shops:
D:1 ([


Innate Abilities, Weirdness & Mutations

You have a pair of horns on your head.
You reflexively headbutt those who attack you in melee.


Message History

You barely miss the wight.
The wight is severely damaged.
The wight barely misses you. The wight hits you with a +3 dagger.
You barely miss the wight.
The wight is severely damaged.
You hit the wight. Your headbutt misses the wight.
The wight is almost destroyed.
The wight closely misses you. You furiously retaliate!
You headbutt the wight!
You destroy the wight!
Trog accepts your kill.
The wight hits you from afar with a +2 spear!
* * * LOW HITPOINT WARNING * * *
You partially resist.
You feel drained.
You feel a strong urge to attack something.
You are no longer berserk.
You are exhausted.
You feel yourself slow down.
You see here a scroll labelled IVITZE SYRINA.
You barely miss the wight. The wight hits you with a +2 spear.
* * * LOW HITPOINT WARNING * * *
The wight closely misses you.
You hit the wight but do no damage. The wight hits you with a +2 spear.
* * * LOW HITPOINT WARNING * * *
You partially resist.
You feel drained.
You slash the wight!
The wight is severely damaged.
The wight barely misses you. You block the wight's attack.
You hit the wight.
The wight is severely damaged.
You block the wight's attack.
You closely miss the wight.
The wight is severely damaged.
The wight hits you with a +2 spear!
* * * LOW HITPOINT WARNING * * *
The wight hits you with a +2 spear.
* * * LOW HITPOINT WARNING * * *
You closely miss the wight.
The wight is severely damaged.
The wight hits you with a +2 spear.
You die...

#.#.....# ........#
.......# <.......#
######.....# ........#
#...##.....# ........#
#...##.....# #.......#
#...##......
........#####...........
......z)...............#
#@.$?...#........#
#.......#).......#
#.......#........#
########.........#
###†''###...#
#.......#...#
#.#####.#.... #. .###..
#. # #..


You could see a wight.

Vanquished Creatures
  A centaur (D:5)
  4 wights (D:5)
  A jelly (D:2)
  A hound (D:4)
  An iguana (D:5)
  An orc wizard (D:4)
  4 gnolls (D:3)
  8 adders
  A white imp (D:5)
  2 worms (D:3)
  A dart slug (D:3)
  6 orcs
  A bat (D:2)
  4 endoplasms
  4 giant cockroaches
  5 goblins
  2 hobgoblins
  4 jackals (D:2)
  7 kobolds
  2 quokkas
  9 ball pythons
  6 frilled lizards
  12 rats
87 creatures vanquished.

Notes
Turn   | Place    | Note
-------+----------+-------------------------------------------
     0 | D:1      | clampit the Minotaur Berserker began the quest for the Orb.
     0 | D:1      | Reached XP level 1. HP: 19/19 MP: 0/0
   147 | D:1      | Reached skill level 4 in Axes
   236 | D:1      | Reached XP level 2. HP: 21/27 MP: 1/1
   356 | D:1      | Found Maot Gir's Armour Emporium.
   420 | D:1      | Identified 2 scrolls of acquirement
   420 | D:1      | Acquired 973 gold pieces
   423 | D:1      | Reached ** piety under Trog
   480 | D:1      | Bought a +1 leather armour of poison resistance for 143
                  | gold pieces
   480 | D:1      | Bought a +0 pair of boots for 58 gold pieces
   566 | D:1      | Found Dauqats's Antique Weapon Emporium.
   597 | D:1      | Bought a runed hand axe for 162 gold pieces
   772 | D:2      | Reached XP level 3. HP: 29/33 MP: 2/2
   964 | D:2      | Reached XP level 4. HP: 40/41 MP: 3/3
  1014 | D:2      | Acquired the amulet of Poduevess {Reflect Harm rF+ rN+
                  | Int-3 SH+5}
  1021 | D:2      | Lost intelligence.
  1352 | D:3      | Reached skill level 5 in Axes
  1354 | D:3      | Identified the +0 ring mail "Qifoj" {Regen+ Str-2 Dex+6
                  | SInv}
  1386 | D:3      | Reached XP level 5. HP: 39/47 MP: 4/4
  2025 | D:4      | Reached skill level 5 in Fighting
  2623 | D:4      | Found a staircase to the Ecumenical Temple.
  2628 | D:4      | Reached XP level 6. HP: 56/56 MP: 5/5
  2651 | Temple   | Entered the Ecumenical Temple
  3014 | D:5      | Entered Level 5 of the Dungeon
  3021 | D:5      | Reached skill level 6 in Axes
  3021 | D:5      | Reached skill level 1 in Stealth
  3021 | D:5      | Reached skill level 1 in Shields
  3130 | D:5      | Reached XP level 7. HP: 40/61 MP: 6/6
  3142 | D:5      | Slain by a wight

Illustrated notes

Levels and vault maps discovered:
D:1:      minmay_arrival_shoal_huts, layout_loops_cross, serial_shops,
          nicolae_square_shop, shop, nicolae_shop_waterfront, shop,
          minmay_rat_gold_closets
D:2:      layout_loops_ring
D:3:      minmay_evil_eye, layout_rooms, hangedman_feature_mirror
D:4:      layout_basic, temple_green, gammafunk_ghost_smash,
          nicolae_elevator_lobby_plus
D:5:      layout_basic, mainiacjoe_overflow_alcove_4
Temple:   bh_familiar_temple

Skill      XL: |  1  2  3  4  5  6 |
---------------+-------------------+-----
Axes           | 4 5 6 |  6.6
Fighting       | 4 5 |  5.6
Dodging        | 3 4 |  4.2
Armour         | 3 |  3.6
Stealth        | 1 |  1.3
Shields        | 2 |  2.1
Throwing       | |  0.3

Action                   |  1- 3 |  4- 6 |  7- 9 || total
-------------------------+-------+-------+-------++-------
Melee: Hand axe          |    70 |    93 |    11 ||   174
       Headbutt          |     7 |    14 |       ||    21
Throw: Throwing net      |       |     2 |       ||     2
Invok: Berserk           |     1 |     5 |       ||     6
       Trog's Hand       |       |     2 |       ||     2
  Use: Scroll            |     5 |     1 |       ||     6
       Potion            |       |     1 |       ||     1
 Stab: Sleeping          |     1 |       |       ||     1
Armor: Animal skin       |     2 |       |       ||     2
       Leather armour    |    15 |    22 |       ||    37
Dodge: Dodged            |    42 |    66 |     5 ||   113
Block: Other             |       |    33 |     2 ||    35
       Reflection        |       |     4 |       ||     4
